 Dungeon Crawl Stone Soup version 0.23.2-33-g5129a83184 (webtiles) character file.

Game seed: 14870285853426896438

269 Ceapi the Cleaver (level 6, -7/78 HPs)
             Began as a Hill Orc Berserker on July 17, 2019.
             Was a Believer of Trog.
             Splashed by Ijyb's acid (12 damage)
             ... on level 3 of the Dungeon.
             The game lasted 00:09:30 (2861 turns).

Ceapi the Cleaver (Hill Orc Berserker)              Turns: 2861, Time: 00:09:31

Health: -7/78      AC:  6    Str: 27    XL:     6   Next: 22%
Magic:  6/6        EV: 11    Int:  7    God:    Trog [**....]
Gold:   88         SH:  0    Dex: 10    Spells: 5/5 levels left

rFire    . . .     SeeInvis .   a - +0 hand axe
rCold    . . .     Gourm    .   (no shield)
rNeg     . . .     Faith    .   b - +0 ring mail
rPois    .         Spirit   .   k - +0 helmet
rElec    .         Reflect  .   n - +2 cloak
rCorr    .         Harm     .   (no gloves)
MR       .....                  h - +0 pair of boots
Stlth    ..........             (no amulet)
HPRegen  0.23/turn              (no ring)
MPRegen  0.10/turn              (no ring)

@: berserking, corroded, very quick
A: no striking features
a: Berserk, Trog's Hand, Renounce Religion


You were on level 3 of the Dungeon.
You worshipped Trog.
Trog was pleased with you.
You were not hungry.

You visited 1 branch of the dungeon, and saw 3 of its levels.

You collected 88 gold pieces.

Inventory:

Hand Weapons
 a - a +0 hand axe (weapon)
Armour
 b - a +0 ring mail (worn)
 h - a +0 pair of boots (worn)
 k - a +0 helmet (worn)
 n - a +2 cloak (worn)
Scrolls
 e - 3 scrolls of identify {unknown}
 i - a scroll of immolation {unknown}
 j - a scroll of teleportation {unknown}
 l - a scroll of amnesia {unknown}
 m - a scroll of enchant weapon {unknown}
 p - a scroll of blinking {unknown}
 q - a scroll of random uselessness {unknown}
 r - a scroll of magic mapping {unknown}
Potions
 d - 2 potions of might {unknown}
 f - a potion of lignification {unknown}
 o - 4 potions of heal wounds {unknown}
Comestibles
 c - 5 rations
 g - a chunk of flesh


   Skills:
 - Level 4.1 Fighting
 + Level 8.4 Axes
 - Level 2.6 Armour
 - Level 1.6 Dodging


You had 5 spell levels left.
You didn't know any spells.
Your spell library was empty.

Dungeon Overview and Level Annotations

Branches:
Dungeon (3/15)

Altars:

Annotations:
D:3 Ijyb


Message History

You slash Ijyb!
Ijyb is moderately wounded.
You miss Ijyb.
Ijyb is moderately wounded.
Ijyb hits you with a +0 dagger.
* * * LOW HITPOINT WARNING * * *
An orc comes into view.
You slash Ijyb!
Ijyb is severely wounded.
Ijyb hits you but does no damage.
You miss Ijyb.
Ijyb is severely wounded.
An orc wizard comes into view. It is wielding a +0 dagger.
You miss Ijyb.
Ijyb is severely wounded.
The orc wizard shouts!
You hear an angry hiss.
Ijyb zaps a wand.
The bolt of acid hits you!
* * * LOW HITPOINT WARNING * * *
The acid corrodes you!
You are splashed with acid!
You die...

#
.#.#.#.#.#.#######......####.#
.#.#.....#.............'..#..
#.#o..#.#............##.###
#..o..#.............##.###
#.#.#.#.........##.......
#.#..........##.....##
#.#.........##.....##
#.#.....#....##.....##
.#.#g@..##############
#.#g##### # .#.. # #.. # #g.
#.. #.. #..


You could see Ijyb, an orc wizard, an orc and a goblin.

Vanquished Creatures
  An orc wizard (D:3)
  Crazy Yiuf (D:2)
  An iguana (D:2)
  3 gnolls (D:3)
  7 adders
  3 oozes
  A worm (D:3)
  A dart slug (D:1)
  5 leopard geckos
  3 orcs (D:3)
  5 giant cockroaches
  6 goblins
  5 hobgoblins
  8 jackals
  A quokka (D:3)
  7 bats
  3 frilled lizards (D:1)
  11 kobolds
  5 rats
77 creatures vanquished.

Notes
Turn   | Place    | Note
-------+----------+-------------------------------------------
     0 | D:1      | Ceapi the Hill Orc Berserker began the quest for the Orb.
     0 | D:1      | Reached XP level 1. HP: 19/19 MP: 1/1
   498 | D:1      | Reached XP level 2. HP: 19/27 MP: 2/2
   847 | D:1      | Reached XP level 3. HP: 33/33 MP: 3/3
  1417 | D:2      | Reached skill level 5 in Axes
  1496 | D:2      | Found a runed translucent door.
  1497 | D:2      | Noticed Crazy Yiuf
  1557 | D:2      | Killed Crazy Yiuf
  1557 | D:2      | Reached skill level 6 in Axes
  1557 | D:2      | Reached XP level 4. HP: 40/40 MP: 4/4
  1651 | D:2      | Reached ** piety under Trog
  1852 | D:2      | Reached XP level 5. HP: 46/46 MP: 5/5
  2079 | D:2      | Reached skill level 7 in Axes
  2480 | D:3      | Reached skill level 8 in Axes
  2482 | D:3      | Reached XP level 6. HP: 52/52 MP: 6/6
  2485 | D:3      | Reached *** piety under Trog
  2841 | D:3      | Noticed Ijyb
  2861 | D:3      | Splashed by Ijyb's acid

Skill      XL: |  1  2  3  4  5 |
---------------+----------------+-----
Fighting       | 4 |  4.1
Axes           | 6 8 |  8.4
Armour         | |  2.6
Dodging        | |  1.6

Action                   |  1- 3 |  4- 6 || total
-------------------------+-------+-------++-------
Melee: Hand axe          |   102 |   167 ||   269
Invok: Berserk           |     1 |     2 ||     3
       Trog's Hand       |       |     1 ||     1
  Eat: Chunk             |     2 |     7 ||     9
Armor: Animal skin       |     3 |       ||     3
       Ring mail         |    37 |    72 ||   109
       Leather armour    |     1 |       ||     1
Dodge: Dodged            |    67 |    92 ||   159
